 Dungeon Crawl Stone Soup version 0.17-a0-945-g601bd79 (webtiles) character file.

115 nubinia the Sneak (level 5, -5/32 HPs)
             Began as an Octopode Earth Elementalist on May 6, 2015.
             Slain by Terence
             ... wielding a +0 flail
              (12 damage)
             ... on level 3 of the Dungeon.
             The game lasted 00:12:22 (3701 turns).

nubinia the Sneak (Octopode Earth Elementalist)     Turns: 3701, Time: 00:12:22

Health: -5/32      AC:  3    Str:  7    XL:     5   Next: 0%
Magic:  0/9        EV: 12    Int: 19    God:
Gold:   223        SH:  0    Dex: 12    Spells: 3 memorised, 4 levels left

rFire  . . .     SeeInvis .     a - 113 stones
rCold  . . .     Clarity  .     (no shield)
rNeg   . . .     SustAb   .     (helmet restricted)
rPois  .         Gourm    .     (no amulet)
rElec  .         Spirit   .     (no ring)
rCorr  .         Warding  .     (no ring)
rMut   .         Stasis   .     (no ring)
MR     .....                    (no ring)
Stlth  ++++......               (no ring)
                                (no ring)
                                (no ring)
                                (no ring)

@: stone skin, not resistant to hostile enchantments, stealthy
A: almost no armour, amphibious, 8 rings, constrict 8, camouflage 1, gelatinous
body 1
a: no special abilities


You were on level 3 of the Dungeon.
You were not hungry.

You visited 1 branch of the dungeon, and saw 3 of its levels.

You collected 223 gold pieces.

Inventory:

Hand weapons
 h - a +4 blowgun
 p - a +1 short sword of draining
Missiles
 a - 113 stones (in tentacle)
 s - 8 poisoned needles
Armour
 t - a +0 shield
Scrolls
 e - a scroll of random uselessness {unknown}
 g - a scroll of teleportation {unknown}
 k - a scroll of noise {unknown}
 n - a scroll of remove curse {unknown}
 r - a scroll of enchant armour {unknown}
Potions
 d - a potion of ambrosia
 f - a potion of brilliance
 o - a potion of flight {unknown}
 q - a potion of invisibility {unknown}
 u - a potion of curing
Books
 b - a book of Geomancy

   Spells                             Type                      Level
   a - Sandblast                      Earth                        1
   b - Stoneskin                      Transmutation/Earth          2
   c - Passwall                       Transmutation/Earth          3
   d - Stone Arrow                    Conjuration/Earth            3
   e - Petrify                        Transmutation/Earth          4
   f - Lee's Rapid Deconstruction     Earth                        5
Comestibles
 c - 2 bread rations
 i - a slice of pizza
 j - 4 fruits
 l - 3 meat rations
 m - a beef jerky


   Skills:
 + Level 0.6 Fighting
 + Level 2.7 Dodging
 + Level 3.6 Stealth
 + Level 0.8 Unarmed Combat
 + Level 3.0 Spellcasting
 + Level 1.1 Transmutations
 + Level 3.6 Earth Magic


You had 4 spell levels left.
You knew the following spells:

 Your Spells              Type           Power        Failure   Level  Hunger
a - Sandblast             Erth           ###...       4%          1    None
b - Passwall              Trmt/Erth      ##........   17%         3    ###....
s - Stoneskin             Trmt/Erth      ##......     10%         2    ##.....


Dungeon Overview and Level Annotations

Branches:
Dungeon (3/15)

Altars:
Dithmenos
Xom

Annotations:
D:1 exclusion: gnoll
D:3 Terence


Innate Abilities, Weirdness & Mutations

You cannot wear most types of armour.
You are amphibious.
You can wear up to eight rings at the same time.
You can use your tentacles to constrict eight enemies at once.
Your skin changes colour to match your surroundings (Stealth).
Your rubbery body absorbs attacks (AC +1).


Message History

Unknown command.
Unknown command.
Casting: Sandblast
Confirm with . or Enter, or press ? or * to list all spells.
Aiming: Sandblast
Press: ? - help, Shift-Dir - straight line, f/p - Terence
Aim: Terence, wielding a flail and wearing a chain mail (almost dead, fast, poisoned)
The rocky blast hits Terence.
Terence is almost dead.
Terence looks scornfully at you. Terence hits you but does no damage.
Unknown command.
Unknown command.
Unknown command.
Casting: Sandblast
Confirm with . or Enter, or press ? or * to list all spells.
You don't have enough magic to cast that spell.
Terence hits you but does no damage. Terence hits you with a flail!
You die...

.##.........................#####
...............##..........## .
.####..........##.......#### ..
.# ###..#..[..........## ##.# .#
##..#.###.#......######.... ##
##...#.##................#
#####...##.#....#.............
##............##.@....##.....(
#....###........@#............
....#........#####.....##.....
...#..........# #..##..# ###
#####).......####.#...##
##....###)#### #....###
##...##.♣.≈.####..###
#..##.♣..##≈##..##
#..#.§#≈.....#.##
#..^..##__..≈..#


You could see Terence.

Vanquished Creatures
  5 adders
  2 oozes (D:3)
  A worm (D:2)
  2 giant geckos
  9 hobgoblins
  4 jackals
  9 kobolds
  2 ball pythons
  5 bats
  A giant newt (D:2)
  4 goblins
  A quokka (D:2)
  14 rats
59 creatures vanquished.

Notes
Turn   | Place    | Note
--------------------------------------------------------------
     0 | D:1      | nubinia, the Octopode Earth Elementalist, began the quest for the Orb.
     0 | D:1      | Reached XP level 1. HP: 11/11 MP: 3/3
   405 | D:1      | Reached XP level 2. HP: 13/17 MP: 1/5
   488 | D:1      | Learned a level 2 spell: Stoneskin
  1800 | D:2      | Reached XP level 3. HP: 19/21 MP: 6/6
  1805 | D:2      | Learned a level 3 spell: Passwall
  2737 | D:2      | Reached XP level 4. HP: 20/27 MP: 8/8
  2937 | D:3      | Found a shadowy altar of Dithmenos.
  3514 | D:3      | Found a shimmering altar of Xom.
  3515 | D:3      | Found a shimmering altar of Xom.
  3515 | D:3      | Found a shimmering altar of Xom.
  3520 | D:3      | Reached XP level 5. HP: 18/32 MP: 9/9
  3680 | D:3      | Noticed Terence
  3701 | D:3      | Slain by Terence

Action                   |  1- 3 |  4- 6 || total
-------------------------+-------+-------++-------
Melee: Unarmed           |    69 |    12 ||    81
       Short sword       |       |    46 ||    46
 Fire: Blowgun           |       |     2 ||     2
 Cast: Sandblast         |    31 |     9 ||    40
       Stoneskin         |     2 |     2 ||     4
  Use: Scroll            |     2 |       ||     2
       Potion            |       |     1 ||     1
 Stab: Sleeping          |     7 |     4 ||    11
       Distracted        |     1 |       ||     1
  Eat: Chunk             |     6 |     3 ||     9
